 Dungeon Crawl Stone Soup version 0.18.1-48-g4cf74bf (webtiles) character file.

117 tyranidshit the Grave Robber (level 4, -2/44 HPs)
             Began as a Deep Dwarf Necromancer on July 19, 2016.
             Slain by an ogre
             ... wielding a +0 giant club
              (11 damage)
             ... on level 4 of the Dungeon.
             The game lasted 00:07:50 (1833 turns).

tyranidshit the Grave Robber (DDNe)                 Turns: 1833, Time: 00:07:51

Health: -2/44      AC:  8    Str: 12    XL:     4   Next: 71%
Magic:  5/6        EV:  6    Int: 16    God:
Gold:   12         SH:  6    Dex: 13    Spells: 2 memorised, 2 levels left

rFire  . . .     SeeInvis .     e - +0 whip
rCold  + . .     Gourm    .     k - +1 scale mail
rNeg   . . .     Faith    .     p - +0 shield
rPois  .         Spirit   .     (no helmet)
rElec  .         Dismiss  .     (no cloak)
rCorr  .         Reflect  .     (no gloves)
SustAt .         Harm     .     g - +0 pair of boots
MR     .....                    (no amulet)
Stlth  +.........               (no ring)
                                o - ring of protection from cold

@: very slightly contaminated, non-regenerating, not resistant to hostile
enchantments, very unstealthy
A: damage resistance, recharge devices, sense surroundings 1, slow regeneration
3
a: Device Recharging


You were on level 4 of the Dungeon.
You were not hungry.

You visited 1 branch of the dungeon, and saw 4 of its levels.

You collected 12 gold pieces.

Inventory:

Hand Weapons
 e - a +0 whip (weapon)
Missiles
 h - 6 needles of frenzy
Armour
 a - a +0 robe
 g - a +0 pair of boots (worn)
 k - a +1 scale mail (worn)
 m - a +0 ring mail
 p - a +0 shield (worn)
Jewellery
 o - a ring of protection from cold (left hand)
Wands
 c - a wand of heal wounds (1/9)
Scrolls
 i - 4 scrolls of remove curse
 q - a scroll of magic mapping
Potions
 j - a potion of curing
 n - a potion of degeneration {unknown}
Books
 b - a book of Necromancy

   Spells                             Type                      Level
   a - Pain                           Necromancy                   1
   b - Animate Skeleton               Necromancy                   1
   c - Vampiric Draining              Necromancy                   3
   d - Regeneration                   Charms/Necromancy            3
   e - Animate Dead                   Necromancy                   4
   f - Control Undead                 Necromancy                   4
Comestibles
 d - 2 bread rations
 f - 5 meat rations


   Skills:
 + Level 4.0 Fighting
 - Level 2.1 Dodging
 - Level 2.4 Stealth
 - Level 1.7 Spellcasting
 - Level 4.3 Necromancy


You had 2 spell levels left.
You knew the following spells:

 Your Spells              Type           Power        Failure   Level  Hunger
a - Pain                  Necr           ###.         98%         1    ##.....
b - Vampiric Draining     Necr           ###.......   100%        3    ####...


Dungeon Overview and Level Annotations

Branches:
Dungeon (4/15)
 Temple: D:4-7

Altars:
Kikubaaqudgha
Vehumet

Annotations:
D:3 junkhipster's ghost, amateur GrFi


Innate Abilities, Weirdness & Mutations

You are resistant to damage.
You can recharge devices by infusing magical energy.
You passively map a small area around you.
You do not regenerate naturally.


Message History

You feel much better.
This wand has 1 charge left.
You hit the ogre.
The ogre is severely wounded.
The ogre barely misses you.
You hit the ogre but do no damage.
The ogre is severely wounded.
You block the ogre's attack.
Your scale mail prevents you from hitting the ogre.
The ogre is heavily wounded.
The ogre hits you with a giant club!
* * * LOW HITPOINT WARNING * * *
Casting: Pain
Confirm with . or Enter, or press ? or * to list all spells.
Aiming: Pain
Press: ? - help, Shift-Dir - straight line, f - ogre
Aim: an ogre, wielding a giant club (heavily wounded, chance to defeat MR: 73%)
You miscast Pain.
The world around you seems to dim momentarily.
The ogre hits you with a giant club!
You die...

,*,*******,,,,,,,,,,,........##.#
,*,* *,,,,,,,***≈###....>##.#
,*,* *,,,,,,,#.#≈*,#.....##.#
,*,******##+##,###!#≈#.###.......
,*,,,,*,,......,...#≈#...........
,*,,,,*,,......###.#≈#.###.#.....
,*,,,,*,,.[......#.#≈#.#...#.....
,*,,,,*,,...$..#.###≈###.###.[...
,*,,,,*,,...)..O@........# #.....
**,,,,*,,..........##..### #....<
,*,,,,,,,...##........## #.....
,*,,,,***##**#....##### ####.#
,*,,,,* #....# *.# ,*,**** #....#
*.# ,*,* #....# *.# **,* #....#
*********,* **,********* #....#*
*,,,,,,,*,*


You could see an ogre.

Vanquished Creatures
  7 adders
  A worm (D:2)
  A dart slug (D:2)
  2 giant geckos
  8 bats
  3 giant cockroaches
  7 goblins
  5 hobgoblins
  2 jackals (D:1)
  A quokka (D:3)
  A ball python (D:2)
  3 giant newts
  3 kobolds
  6 rats
50 creatures vanquished.

Notes
Turn   | Place    | Note
--------------------------------------------------------------
     0 | D:1      | tyranidshit the Deep Dwarf Necromancer began the quest for the Orb.
     0 | D:1      | Reached XP level 1. HP: 15/15 MP: 3/3
   114 | D:1      | Reached skill level 1 in Fighting
   299 | D:1      | Reached XP level 2. HP: 25/25 MP: 2/4
   885 | D:2      | Reached XP level 3. HP: 26/33 MP: 1/5
  1018 | D:2      | Reached XP level 4. HP: 25/42 MP: 1/6
  1345 | D:2      | Learned a level 3 spell: Vampiric Draining
  1369 | D:2      | Found an ancient bone altar of Kikubaaqudgha.
  1369 | D:2      | Found a radiant altar of Vehumet.
  1501 | D:3      | Noticed junkhipster's ghost (amateur GrFi)
  1813 | D:4      | Noticed an ogre
  1833 | D:4      | Slain by an ogre

Skill      XL: |  1  2  3  4 |
---------------+-------------+-----
Fighting       | 1 2 3 4 |  4.0
Dodging        | |  2.1
Stealth        | |  2.4
Spellcasting   | |  1.7
Necromancy     | |  4.3

Action                   |  1- 3 |  4- 6 || total
-------------------------+-------+-------++-------
Melee: Unarmed           |    10 |       ||    10
       Whip              |    56 |    80 ||   136
 Cast: Pain              |    32 |    21 ||    53
Evoke: Wand              |       |     4 ||     4
  Use: Potion            |     1 |     2 ||     3
       Scroll            |       |     6 ||     6
 Stab: Sleeping          |     1 |       ||     1
  Eat: Bread ration      |     1 |       ||     1
Armor: Robe              |     2 |       ||     2
       Scale mail        |    45 |    92 ||   137
Dodge: Dodged            |    53 |    67 ||   120
Block: Shield            |       |    11 ||    11
